 Dungeon Crawl Stone Soup version 0.27-a0-1046-g98bf31544f (webtiles) character file.

Game seed: 8415287485226333645

1295 jasper the Chopper (level 8, -6/63 HPs)
             Began as a Demonspawn Delver on Apr 20, 2021.
             Was an Initiate of Qazlal.
             Killed from afar by an electric eel (7 damage)
             ... with a bolt of electricity
             ... on level 6 of the Dungeon.
             The game lasted 00:09:49 (6463 turns).

jasper the Chopper (Demonspawn Delver)              Turns: 6463, Time: 00:09:50

Health: -6/63      AC:  8    Str: 14    XL:     8   Next: 30%
Magic:  0/10       EV:  9    Int: 12    God:    Qazlal [......]
Gold:   226        SH:  9    Dex: 15    Spells: 7/7 levels left

rFire    . . .     SeeInvis .   m - +2 broad axe
rCold    . . .     Faith    .   (no shield)
rNeg     . . .     Spirit   +   f - +0 scale mail
rPois    .         Reflect  +   (no helmet)
rElec    .         Harm     .   e - +0 cloak
rCorr    .         Rampage  .   (no gloves)
Will     .....                  (no boots)
Stlth    +.........             t - amulet of reflection
HPRegen  0.20/turn              (no ring)
MPRegen  0.24/turn              (no ring)

@: studying Throwing
A: hooves 1, magic shield, magic regeneration, magic link, condensation shield
a: Renounce Religion


You were on level 6 of the Dungeon.
You worshipped Qazlal.
Qazlal was noncommittal.
You visited 1 branch of the dungeon, and saw 6 of its levels.

You collected 275 gold pieces.
You spent 49 gold pieces at shops.

Inventory:

Hand Weapons
 a - a +0 hand axe
 m - a +2 broad axe (weapon)
 q - a +1 whip of electrocution
Missiles
 p - 62 stones
 r - 5 boomerangs (quivered)
 s - 35 poisoned darts
Armour
 b - a +0 leather armour
 e - a +0 cloak (worn)
 f - a +0 scale mail (worn)
 n - a +0 ring mail
 o - a +0 chain mail
Jewellery
 t - an amulet of reflection (around neck)
Wands
 g - a wand of digging (3)
Scrolls
 c - 2 scrolls of fog
 d - a scroll of magic mapping
 h - a scroll of immolation
 u - a scroll of fear
 v - a scroll of acquirement {unknown}
 x - a scroll of vulnerability {unknown}
 y - 4 scrolls of identify
Potions
 j - a potion of berserk rage
 k - a potion of heal wounds {unknown}
 l - 4 potions of mutation {unknown}
 w - a potion of degeneration {unknown}
 z - 2 potions of flight


   Skills:
 + Level 5.6 Fighting
 * Level 6.5 Axes
 + Level 4.2 Armour
 - Level 1.7 Dodging
 - Level 4.5 Stealth
 + Level 3.2 Invocations


You had 7 spell levels left.
You didn't know any spells.
Your spell library contained the following spells:

 Spells                   Type           Power      Damage    Failure   Level
 Magic Dart               Conj           0%         1d3       78%         1
 Blink                    Tloc           N/A        N/A       89%         2
 Call Imp                 Summ           0%         N/A       89%         2
 Searing Ray              Conj           0%         3d3       89%         2
 Slow                     Hex            0%         N/A       89%         2
 Conjure Flame            Conj/Fire      0%         6-21      98%         3
 Dazzling Flash           Conj/Hex       0%         N/A       98%         3
 Mephitic Cloud           Conj/Pois/Air  0%         N/A       98%         3
 Fulminant Prism          Conj/Hex       0%         3d6       100%        4
 Iskenderun's Mystic Bla  Conj/Tloc      0%         2d3       100%        4


Dungeon Overview and Level Annotations

Branches:
Dungeon (6/15)             Temple (0/1) D:4

Altars:
Ashenzari
Fedhas
Gozag
Qazlal
Xom
Yredelemnul

Shops:
D:2 (   D:5 [

Annotations:
D:3 2 runed translucent doors
D:4 Pikel


Innate Abilities, Weirdness & Mutations

You have large cloven feet.
When hurt, damage is shared between your health and your magic reserves.
You regenerate magic rapidly.
When low on magic, you restore magic in place of health.
A meltable shield of frost defends you. (SH +4)


Message History

The bolt of electricity hits the plant!
The plant begins to die.
The bolt of electricity hits you!
The electric eel moves out of view.
You regained 9 hp, and now have 55/63 hp.
The electric eel shoots out a bolt of lightning at you!
The bolt of electricity hits the plant.
The plant begins to die.
The bolt of electricity hits you.
You take 2 damage, and have 53/63 hp.
The electric eel shoots out a bolt of lightning at you!
The bolt of electricity hits the plant!
The plant begins to die.
The bolt of electricity hits you!
You take 7 damage, and have 46/63 hp.
You now have 8/10 mp.
A nearby plant withers and dies.
The electric eel shoots out a bolt of lightning at you!
The bolt of electricity hits you!
You take 9 damage, and have 38/63 hp.
You now have 7/10 mp.
You start resting.
Magic restored.
You regained 2 hp, and now have 40/63 hp.
MP restored: 10 You slash the electric eel!
Your kick misses the electric eel.
The electric eel is severely wounded.
The electric eel shoots out a bolt of lightning at you!
The bolt of electricity hits you! x2
The electric eel shoots out a bolt of lightning at you!
The bolt of electricity hits you! x2
* * * LOW HITPOINT WARNING * * *
You take 26 damage, and have 14/63 hp.
MASSIVE DAMAGE!!
You now have 4/10 mp.
You hit the electric eel. You kick the electric eel.
The electric eel is almost dead.
The electric eel shoots out a bolt of lightning at you!
The bolt of electricity hits you.
* * * LOW HITPOINT WARNING * * *
The bolt of electricity hits you!
* * * LOW HITPOINT WARNING * * *
You take 13 damage, and have 1/63 hp.
MASSIVE DAMAGE!!
You now have 1/10 mp.
You closely miss the electric eel. Your kick misses the electric eel.
The electric eel is almost dead.
The electric eel shoots out a bolt of lightning at you!
The bolt of electricity hits you!
You die...

#..≈≈≈≈≈≈≈≈≈♣≈≈ ..≈≈≈≈≈P≈≈≈≈≈≈
....... ♣≈≈♣≈P≈≈≈≈≈♣ ........#
♣≈P≈≈≈≈P≈♣≈♣ .........#
#.♣♣P≈≈≈≈PP≈♣ .........#
#P≈≈≈≈≈♣≈P♣≈ .........#
#♣♣♣≈≈≈≈≈P≈≈
.........#####..♣≈PP≈P♣♣.
.........#.#.#..@;♣≈≈♣...
...#.##
.....(............≈♣♣..(###.....
..............).......#..#..#..
##....>..............##..##...
.....................##..##..
.....<####...........###..#.#
......# ##..........[.##.#..#
.....)# #............###.#..#
......# ###..........##.....###


You could see an electric eel.

Vanquished Creatures
  An ogre (D:4)
  A lemure (D:5)
  2 centaurs
  A phantom (D:6)
  Blork the orc (D:5)
  A bullfrog (D:6)
  2 scorpions
  An electric eel (D:6)
  A centaur zombie (D:5)
  A hound (D:5)
  A bullfrog zombie (D:6)
  Crazy Yiuf (D:2)
  4 orc priests
  2 centaur skeletons (D:6)
  A gnoll shaman (D:5)
  Natasha (thrice) (D:2)
  An orc wizard (D:4)
  10 gnolls
  4 adders
  3 shadow imps
  2 ufetubi (D:6)
  An adder skeleton (D:4)
  2 worms
  5 dart slugs
  5 orcs
  6 endoplasms
  3 giant cockroaches
  5 goblins
  7 hobgoblins
  4 jackals (D:1)
  5 kobolds
  4 quokkas
  6 ball pythons
  3 bats
  A frilled lizard (D:2)
  2 rats
103 creatures vanquished.

Vanquished Creatures (others)
  11 plants (D:6)
11 creatures vanquished.

Grand Total: 114 creatures vanquished

Notes
Turn   | Place    | Note
-------+----------+-------------------------------------------
     0 | D:5      | jasper the Demonspawn Delver began the quest for the Orb.
     0 | D:5      | Reached XP level 1. HP: 18/18 MP: 1/1
   206 | D:5      | Noticed a scorpion
   208 | D:5      | Killed a scorpion
   209 | D:5      | Reached skill level 3 in Axes
   209 | D:5      | Reached skill level 1 in Armour
   209 | D:5      | Gained mutation: You regenerate magic rapidly. [demonic
                  | ancestry]
   209 | D:5      | Reached XP level 2. HP: 24/24 MP: 2/2
   209 | D:5      | Gained mutation: When hurt, damage is shared between your
                  | health and your magic reserves. [demonic ancestry]
   209 | D:5      | Reached XP level 3. HP: 29/29 MP: 3/3
   291 | D:5      | Gained mutation: A meltable shield of frost defends you.
                  | (SH +4) [demonic ancestry]
   291 | D:5      | Reached XP level 4. HP: 37/37 MP: 4/4
   383 | D:5      | Gained mutation: When low on magic, you restore magic in
                  | place of health. [demonic ancestry]
   383 | D:5      | Reached XP level 5. HP: 42/42 MP: 5/5
   385 | D:5      | Found Weycs's Armour Boutique.
   389 | D:5      | Bought a +0 chain mail for 49 gold pieces
   422 | D:4      | Reached skill level 4 in Axes
   775 | D:4      | Noticed a lemure
   776 | D:4      | Noticed a lemure
   776 | D:4      | Noticed a lemure
   776 | D:4      | Noticed a lemure
   777 | D:4      | Noticed Pikel
   869 | D:5      | Killed a lemure
  1150 | D:5      | Reached XP level 6. HP: 23/48 MP: 4/6
  1499 | D:5      | Noticed Blork the orc
  1513 | D:5      | Killed Blork the orc
  2474 | D:2      | Found Coabrea's Antique Weapon Shoppe.
  2627 | D:1      | Reached skill level 5 in Axes
  2698 | D:1      | Found a faded altar of an unknown god.
  3467 | D:2      | Noticed Natasha
  3475 | D:2      | Killed Natasha
  3476 | D:2      | Reached XP level 7. HP: 30/55 MP: 5/7
  3608 | D:2      | Noticed Natasha
  3628 | D:2      | Killed Natasha
  3825 | D:2      | Noticed Natasha
  3831 | D:2      | Killed Natasha
  4202 | D:2      | Found a runed translucent door.
  4203 | D:2      | Noticed Crazy Yiuf
  4399 | D:2      | Killed Crazy Yiuf
  4635 | D:3      | Found a stormy altar of Qazlal.
  4635 | D:3      | Found a broken altar of Ashenzari.
  4701 | D:3      | Found a blossoming altar of Fedhas.
  4898 | D:3      | Found a large runed translucent door.
  4898 | D:3      | Found a large runed translucent door.
  4899 | D:3      | Found a shimmering altar of Xom.
  5009 | D:3      | Found an opulent altar of Gozag.
  5015 | D:3      | Found a basalt altar of Yredelemnul.
  5169 | D:3      | Became a worshipper of Qazlal Stormbringer
  5218 | D:4      | Reached skill level 5 in Fighting
  5221 | D:4      | Reached skill level 1 in Invocations
  5534 | D:4      | Found a staircase to the Ecumenical Temple.
  5714 | D:6      | Reached skill level 6 in Axes
  5779 | D:6      | Gained mutation: You have large cloven feet. [demonic
                  | ancestry]
  5779 | D:6      | Reached XP level 8. HP: 24/62 MP: 7/9
  6462 | D:6      | HP: 1/63 [electric eel/bolt of electricity (8)]
  6463 | D:6      | Killed from afar by an electric eel

Illustrated notes

Levels and vault maps discovered:
D:1:      minmay_arrival_loop, layout_basic, hellmonk_ecumenical_altar_blasted,
          kennysheep_another_room
D:2:      layout_rooms, serial_shops, shop, solitary_fountain,
          minmay_misc_feat_four_crosses, kennysheep_small_spiral, uniq_natasha,
          uniq_crazy_yiuf_cottage
D:3:      due_chaos_kobolds, layout_rooms, grunt_temple_overflow_open,
          fedhas_ov_isle_minmay, chequers_temple_overflow_statue_of_worship,
          kennysheep_decorative_pillar, kennysheep_cross_bottleneck
D:4:      layout_cave_pools, minmay_temple_entry_trees, minmay_manual_mess,
          uniq_pikel
D:5:      layout_loops_ring, serial_shops, kennysheep_mini_moat,
          uniq_blork_the_orc
D:6:      layout_cave_pools, kennysheep_doodads, serial_bayou_lake_a

Skill      XL: |  1  2  3  4  5  6  7  8 |
---------------+-------------------------+-----
Axes           | 3 4 5 6 |  6.5
Armour         | 1 2 3 4 |  4.2
Fighting       | 4 5 |  5.6
Invocations    | 2 3 |  3.2
Dodging        | |  1.7
Stealth        | |  4.5

Action                   |  1- 3 |  4- 6 |  7- 9 || total
-------------------------+-------+-------+-------++-------
Melee: Broad axe         |       |   151 |   130 ||   281
       Kick              |       |       |    10 ||    10
Throw: Boomerang         |       |       |    40 ||    40
Evoke: Wand              |     4 |    22 |       ||    26
  Use: Potion            |       |     2 |       ||     2
       Scroll            |       |     8 |     1 ||     9
 Stab: Sleeping          |       |     2 |       ||     2
Armor: Chain mail        |       |    67 |       ||    67
       Scale mail        |       |    19 |    39 ||    58
Dodge: Dodged            |       |    63 |    47 ||   110
Block: Other             |       |    30 |    55 ||    85
       Reflection        |       |       |     3 ||     3

Table legend: (Time is in decaauts)
 A = Elapsed time spent in this place.
 B = Non-inter-level travel time spent in this place.
 C = Inter-level travel time spent in this place.
 D = Time resting spent in this place.
 E = Time spent auto-exploring this place.
 F = Levels seen in this place.
 G = Mean time per level.
                   A        B        C        D        E       F      G
               +--------+--------+--------+--------+--------+-----+--------+
         Total |   6579 |   6342 |    237 |   1478 |   3695 |   6 | 1096.5 |
       Dungeon |   6579 |   6342 |    237 |   1478 |   3695 |   6 | 1096.5 |
               +--------+--------+--------+--------+--------+-----+--------+

Top non-repeatable levels by time:
     D:5: 2366 daAuts
     D:2: 1071 daAuts
     D:1: 988 daAuts
     D:4: 851 daAuts
     D:3: 672 daAuts
     D:6: 629 daAuts
